 Dungeon Crawl Stone Soup version 0.23-a0-358-g98c7a59 (webtiles) character file.

58 RoseArtemis the Sneak (level 3, -1/16 HPs)
             Began as a Spriggan Enchanter on Oct 22, 2018.
             Hit by a stone thrown by a gnoll (7 damage)
             ... on level 2 of the Dungeon.
             The game lasted 00:08:33 (2018 turns).

RoseArtemis the Sneak (Spriggan Enchanter)          Turns: 2018, Time: 00:08:34

Health: -1/16      AC:  2    Str:  4    XL:     3   Next: 76%
Magic:  1/8        EV: 19    Int: 16    God:
Gold:   173        SH:  3    Dex: 17    Spells: 5/8 levels left

rFire    . . .     SeeInvis +   a - +1 dagger
rCold    . . .     Gourm    .   (shield restricted)
rNeg     . . .     Faith    .   b - +0 robe
rPois    .         Spirit   .   (helmet restricted)
rElec    .         Reflect  +   (no cloak)
rCorr    .         Harm     .   (gloves unavailable)
MR       .....                  (boots unavailable)
Stlth    +++.......             m - +3 amulet of reflection
HPRegen  0.05/turn              (no ring)
MPRegen  0.11/turn              (no ring)

@: very slightly contaminated, very quick
A: very small, unfitting armour, see invisible, herbivore, speed 3, slow
metabolism 2
a: no special abilities


You were on level 2 of the Dungeon.
You were very hungry.

You visited 1 branch of the dungeon, and saw 2 of its levels.

You collected 173 gold pieces.

Inventory:

Hand Weapons
 a - a +1 dagger (weapon)
 e - a cursed -1 dagger
Missiles
 f - 6 curare-tipped needles
Armour
 b - a +0 robe (worn)
Jewellery
 m - a +3 amulet of reflection (around neck)
Scrolls
 h - a scroll of blinking {unknown}
 j - a scroll of immolation {unknown}
 k - a scroll of enchant armour {unknown}
 l - a scroll of identify {unknown}
 n - a scroll of remove curse {unknown}
Potions
 c - a potion of heal wounds {unknown}
 g - a potion of resistance {unknown}
 i - 3 potions of flight {unknown}
 o - a potion of experience {unknown}
Comestibles
 d - 7 rations


   Skills:
 + Level 1.7 Short Blades
 + Level 3.6 Dodging
 + Level 5.1 Stealth
 + Level 3.1 Spellcasting
 * Level 4.5 Hexes


You had 5 spell levels left.
You knew the following spells:

 Your Spells              Type           Power        Failure   Level  Hunger
a - Corona                Hex            ###....      3%          1    None
b - Ensorcelled Hibernat  Hex/Ice        #.....       11%         2    ##.....

Your spell library contained the following spells:

 Spells                   Type           Power        Failure   Level  Hunger
 Confuse                  Hex            ###.....     9%          3    ###....
 Tukima's Dance           Hex            ###.....     9%          3    ###....
 Dazzling Spray           Conj/Hex       #.....       22%         3    ###....


Dungeon Overview and Level Annotations

Branches:
Dungeon (2/15)

Altars:
Okawaru
Vehumet
The Shining One


Innate Abilities, Weirdness & Mutations

You are very small and have problems with some larger weapons.
You are too small for most types of armour.
You have supernaturally acute eyesight. (SInv)
You are a herbivore.
You cover ground extremely quickly.
You need to consume almost no food.


Message History

The gnoll shouts!
Aim: a gnoll, wielding a +2 whip of pain (chance to defeat MR: 50%)
The gnoll looks drowsy...
The gnoll throws a stone.
The stone hits you.
You start resting.
The gnoll is too close now for your liking.
You hit the gnoll. The gnoll hits you but does no damage.
You hit the gnoll. The gnoll closely misses you.
Aim: a gnoll, wielding a +0 whip (lightly wounded, chance to defeat MR: 62%)
The gnoll is outlined in light.
The gnoll hits you with a +0 whip.
* * * LOW HITPOINT WARNING * * *
You hit the gnoll but do no damage. The gnoll misses you.
You barely miss the gnoll. You block the gnoll's attack.
The gnoll closely misses you.
The gnoll throws a stone.
The stone closely misses you.
You see here a stone.
The gnoll throws a stone.
The stone barely misses you.
You see here a stone.
The gnoll stops glowing.
The gnoll throws a stone.
The stone hits you!
You die...

#............#####
#............#
#.......)....#
#............# ##
###....####.## #.
####.# ##.#######.
#.# #<.....[...
#######.# #.#########
#...@.#'###.###......
#.................###
#(................#
#.gg..............###
#.................#..
#.....#....####'###..
#.....#....# #.# #..
#(....#g...# #.# #..
#.....#....####.###..


You could see 3 gnolls.

Vanquished Creatures
  A gnoll (D:1)
  An adder (D:2)
  A worm (D:2)
  A dart slug (D:1)
  2 leopard geckos (D:2)
  3 goblins
  5 hobgoblins
  7 bats
  6 frilled lizards
  4 kobolds
  6 rats
37 creatures vanquished.

Notes
Turn   | Place    | Note
-------+----------+-------------------------------------------
     0 | D:1      | RoseArtemis the Spriggan Enchanter began the quest for the
                  | Orb.
     0 | D:1      | Reached XP level 1. HP: 9/9 MP: 5/5
    91 | D:1      | Reached XP level 2. HP: 13/13 MP: 4/6
   114 | D:1      | Learned a level 2 spell: Ensorcelled Hibernation
   866 | D:2      | Reached XP level 3. HP: 16/16 MP: 5/8
  1214 | D:2      | Reached skill level 5 in Stealth
  1288 | D:2      | Found an iron altar of Okawaru.
  1290 | D:2      | Found a glowing golden altar of the Shining One.
  1561 | D:2      | Found a radiant altar of Vehumet.
  2018 | D:2      | Hit by a stone thrown by a gnoll

Vault maps used:
D:1:      lightli_arrival_boilingwater, serial_park_tiny_pond, st_stairs_14,
          minmay_hexomino_f4
D:2:      gammafunk_temple_overflow_forgotten, serial_corexii_hall,
          chequers_hall_statues_corner_a, corexii_hall_statues_s

Skill      XL: |  1  2  3 |
---------------+----------+-----
Hexes          | 4 |  4.5
Spellcasting   | 3 |  3.1
Stealth        | 5 |  5.1
Short Blades   | |  1.7
Dodging        | |  3.6

Action                   || total
-------------------------++-------
Melee: Dagger            ||   229
 Cast: Corona            ||     9
       Ensorcelled Hiber ||    33
 Stab: Sleeping          ||    22
Armor: Robe              ||    13
Dodge: Dodged            ||    74
Block: Other             ||     1

Table legend:
 A = Non-vault XP
 B = Vault XP
 C = Vault XP percentage of total XP
 D = Non-vault monster count
 E = Vault monster count
 F = Vault count percentage of total count
                 A         B        C        D         E       F
            +---------+---------+-------+---------+---------+-------
      Total |      80 |       4 |   4.8 |      34 |       3 |   8.1
            +---------+---------+-------+---------+---------+-------
        D:1 |      28 |       4 |  12.5 |       9 |       3 |  25.0
        D:2 |      52 |       0 |   0.0 |      25 |       0 |   0.0
            +---------+---------+-------+---------+---------+-------
